 Dungeon Crawl Stone Soup version 0.31-a0-175-g9f7f995f2b (webtiles) character file.

Game seed: 11583976996580959464

714 qw the Skirmisher (level 7, -3/44 HPs)
             Began as a Gargoyle Hunter on June 16, 2023.
             Slain by a gnoll
             ... wielding a +0 whip
             ... led by a gnoll bouda
              (5 damage)
             ... on level 5 of the Dungeon.
             The game lasted 00:01:41 (2984 turns).

qw the Skirmisher (Gargoyle Hunter)                 Turns: 2984, Time: 00:01:41

Health: -3/44      AC: 14    Str: 20    XL:     7   Next: 69%
Magic:  7/7        EV: 11    Int:  9    God:
Gold:   220        SH:  0    Dex: 15    Spells: 6/6 levels left

rFire   + + .        Y - +1 shortbow
rCold   + . .        (shield currently unavailable)
rNeg    + . .        d - +1 ring mail {rF+}
rPois   inf          (no helmet)
rElec   +            (no cloak)
rCorr   +            h - +0 pair of gloves
SInv    .            l - +1 pair of boots of Geapsi {-Cast rF+ rCorr Str+5}
Will    .....        (no amulet)
Stlth   +            (no ring)
HPRegen 0.27/turn    (no ring)
MPRegen 0.10/turn

%: no spellcasting
@: no status effects
A: sickness immunity, AC +4, negative energy resistance 1, electricity
resistance, torment resistance 1, petrification resistance, cold resistance 1
a: no special abilities


You were on level 5 of the Dungeon.
You visited 1 branch of the dungeon, and saw 5 of its levels.
You also visited: Sewer.

You collected 220 gold pieces.


Innate Abilities, Weirdness & Mutations

You are immune to sickness and miasma.
Your stone body is resilient. (AC +4)
You are immune to poison.
You resist negative energy. (rN+)
You are resistant to electric shocks. (rElec)
You are resistant to unholy torment.
You are immune to petrification.
Your flesh is cold resistant. (rC+)


   Skills:
 + Level 4.6 Fighting
 - Level 8.0 Ranged Weapons
 - Level 2.1 Armour
 - Level 1.5 Dodging
 - Level 1.1 Stealth


You had 6 spell levels left.
You didn't know any spells.
Your spell library was empty.

Inventory:

Hand Weapons
 Y - a +1 shortbow (weapon)
Armour
 b - a +0 robe of cold resistance
 d - a +1 ring mail of fire resistance (worn)
 f - a +2 leather armour of positive energy
 h - a +0 pair of gloves (worn)
 l - the +1 pair of boots of Geapsi (worn) {-Cast rF+ rCorr Str+5}
   (You acquired it in a sewer)

   Str:       It affects your strength (+5).
   rF:        It protects you from fire.
   -Cast:     It prevents spellcasting.
   rCorr:     It protects you from acid and corrosion.
Wands
 q - a wand of digging (5)
Potions
 a - a potion of attraction {unknown}
 c - 3 potions of curing
 e - a potion of resistance {unknown}
 g - a potion of mutation
 i - a potion of haste
 j - a potion of ambrosia {unknown}
 k - a potion of magic
 m - a potion of brilliance {unknown}
 o - a potion of invisibility {unknown}
 p - a potion of cancellation {unknown}

Dungeon Overview and Level Annotations

Branches:
Dungeon (5/15)              Sewer (visited)
 Temple: D:4-7

Altars:
Makhleb


Message History

The hound bites you but does no damage.
The gnoll bouda hits you but does no damage.
The gnoll closely misses you.
You shoot an arrow.
The arrow barely misses the gnoll bouda.
The hound closely misses you. The gnoll barely misses you.
The gnoll hits you but does no damage. The gnoll bouda barely misses you.
You shoot an arrow. The arrow hits the gnoll bouda.
The gnoll bouda is moderately wounded.
The hound bites you but does no damage. The hound barely misses you.
The gnoll closely misses you. The gnoll bouda closely misses you.
The gnoll closely misses you.
You shoot an arrow. The arrow hits the gnoll bouda!
The gnoll bouda is severely wounded.
The hound closely misses you. The gnoll closely misses you.
The gnoll bouda closely misses you. The gnoll hits you but does no damage.
You shoot an arrow. The arrow hits the gnoll bouda!
You kill the gnoll bouda!
The gnoll is no longer moving quickly.
The hound bites you but does no damage. The hound misses you.
The gnoll hits you but does no damage. x2
Your Ranged Weapons skill increases to level 8!
You shoot an arrow. The arrow closely misses the hound.
The hound bites you but does no damage. The gnoll barely misses you.
The gnoll closely misses you. The hound bites you but does no damage.
You shoot an arrow. The arrow closely misses the hound.
The hound bites you but does no damage. The gnoll barely misses you.
The gnoll hits you with a +0 whip.
You shoot an arrow. The arrow hits the hound.
The hound is lightly wounded.
The hound bites you but does no damage. The gnoll closely misses you.
The gnoll hits you but does no damage. The hound barely misses you.
You shoot an arrow. The arrow hits the hound!
The hound is severely wounded.
The gnoll is no longer moving quickly.
The hound bites you but does no damage. The gnoll hits you with a +0 flail.
The gnoll hits you with a +0 whip. The hound bites you but does no damage.
You shoot an arrow. The arrow closely misses the hound.
The gnoll hits you with a +0 flail. The hound bites you but does no damage.
The gnoll hits you with a +0 whip.
You die...

#... .. #... ..#
####$.# ..#
##.....##..## #.
##.....).....## #.
#.............#
#.###.....gg)......
#........^)@h.....!
#..................
#..................
#.<.........##...##
#..<.#......# ._..#
#....##.....# ...#
#....######## ###
#....# ######


You could see a hound and 2 gnolls.

Vanquished Creatures
  An ice beast (D:4)
  A kobold brigand (Sewer)
  A scorpion (D:4)
  2 hounds
  An orc priest (D:2)
  A gnoll bouda (D:5)
  Natasha (twice) (D:4)
  An iguana (D:4)
  2 orc wizards
  3 gnolls (D:5)
  11 adders
  A river rat (Sewer)
  2 worms (Sewer)
  4 dart slugs
  6 orcs
  7 ball pythons
  5 endoplasms
  6 giant cockroaches
  3 goblins
  6 hobgoblins
  4 jackals (D:1)
  10 kobolds
  7 quokkas
  4 bats
  2 frilled lizards
  7 rats
100 creatures vanquished.

Notes
Turn   | Place    | Note
-------+----------+-------------------------------------------
     0 | D:1      | qw the Gargoyle Hunter began the quest for the Orb.
     0 | D:1      | Reached XP level 1. HP: 12/12 MP: 1/1
     0 | D:1      | 0 ||| qw: Version: 0.2-a-29-g511e9b1
     0 | D:1      | 0 ||| qw: Game counter: 5814
     0 | D:1      | 0 ||| qw: Always use a shield: true
     0 | D:1      | 0 ||| qw: God list: Okawaru
     0 | D:1      | 0 ||| qw: Allow faded altars: false
     0 | D:1      | 0 ||| qw: Do Orc after D:15 true
     0 | D:1      | 0 ||| qw: Do second Lair branch before Depths: true
     0 | D:1      | 0 ||| qw: Lair rune preference: random
     0 | D:1      | 0 ||| qw: Plans: Normal, Zot:1-4, Slime:5, God:TSO, Crypt,
                  | Tomb, Abyss, Pan, Hells, Win
     0 | D:1      | 0 ||| PLANNING D:1-11
   283 | D:1      | Reached XP level 2. HP: 17/17 MP: 2/2
   685 | D:1      | Reached XP level 3. HP: 21/21 MP: 3/3
   701 | D:1      | 701 ||| READING 2 scrolls labelled NAZOHOES IG RANG.
   702 | D:1      | 702 ||| READING scroll labelled ITOCHECH ETUO.
   703 | D:1      | 703 ||| DROPPING scroll of amnesia.
   704 | D:1      | 704 ||| DROPPING scroll of butterflies.
   768 | D:2      | Reached skill level 5 in Ranged Weapons
  1196 | D:2      | Reached skill level 3 in Fighting
  1196 | D:2      | Reached XP level 4. HP: 28/28 MP: 4/4
  1349 | D:2      | 1349 ||| UPGRADING to +0 pair of boots.
  1354 | D:2      | 1354 ||| UPGRADING to +1 ring mail of fire resistance.
  1364 | D:2      | 1364 ||| DROPPING +0 leather armour.
  1365 | D:2      | 1365 ||| UPGRADING to +0 pair of gloves.
  1370 | D:2      | 1370 ||| DRINKING 2 fizzy coppery potions.
  1371 | D:2      | 1371 ||| DRINKING 2 emerald potions.
  1372 | D:2      | 1372 ||| DRINKING 2 viscous cyan potions.
  1384 | D:3      | 1384 ||| PLANNING SEWER
  1402 | D:3      | Reached skill level 1 in Armour
  1607 | D:3      | 1607 ||| FLEEEEING.
  1610 | D:3      | 1610 ||| FLEEEEING.
  1611 | D:3      | 1611 ||| FLEEEEING.
  1612 | D:3      | 1612 ||| FLEEEEING.
  1613 | D:3      | 1613 ||| FLEEEEING.
  1614 | D:3      | 1614 ||| FLEEEEING.
  1615 | D:3      | 1615 ||| FLEEEEING.
  1616 | D:3      | 1616 ||| FLEEEEING.
  1617 | D:3      | 1617 ||| FLEEEEING.
  1618 | D:3      | 1618 ||| FLEEEEING.
  1620 | D:3      | 1620 ||| FLEEEEING.
  1621 | D:3      | 1621 ||| FLEEEEING.
  1622 | D:3      | 1622 ||| FLEEEEING.
  1623 | D:3      | 1623 ||| FLEEEEING.
  1624 | D:3      | 1624 ||| FLEEEEING.
  1625 | D:3      | 1625 ||| FLEEEEING.
  1626 | D:3      | 1626 ||| FLEEEEING.
  1627 | D:3      | 1627 ||| FLEEEEING.
  1628 | D:3      | 1628 ||| FLEEEEING.
  1629 | D:3      | 1629 ||| FLEEEEING.
  1631 | D:3      | 1631 ||| STAIRDANCE
  1680 | D:3      | 1680 ||| STAIRDANCE
  1684 | D:2      | HP: 4/28 [orc priest/nerve-wracking pain (6)]
  1685 | D:2      | 1685 ||| DRINKING potion of heal wounds.
  1687 | D:2      | Reached XP level 5. HP: 26/32 MP: 5/5
  1833 | D:3      | 1833 ||| Stepping ~*~*~tactically~*~*~ (water).
  1840 | D:3      | 1840 ||| Stepping ~*~*~tactically~*~*~ (water).
  1847 | D:3      | Found a glowing drain.
  1848 | D:3      | 1848 ||| READING scroll labelled VUSYT YHOCAM.
  1849 | D:3      | 1849 ||| DRINKING 2 brown potions.
  1862 | D:3      | 1862 ||| Stepping ~*~*~tactically~*~*~ (water).
  1871 | Sewer    | Entered a sewer
  1874 | Sewer    | 1874 ||| Stepping ~*~*~tactically~*~*~ (water).
  1969 | Sewer    | Reached skill level 6 in Ranged Weapons
  2008 | Sewer    | 2008 ||| Stepping ~*~*~tactically~*~*~ (water).
  2051 | Sewer    | Noticed a kobold brigand
  2065 | Sewer    | Killed a kobold brigand
  2066 | Sewer    | Reached XP level 6. HP: 34/39 MP: 6/6
  2106 | Sewer    | 2106 ||| Stepping ~*~*~tactically~*~*~ (water).
  2108 | Sewer    | 2108 ||| Stepping ~*~*~tactically~*~*~ (water).
  2137 | Sewer    | 2137 ||| READING scroll labelled UCOSEFF OHOUL.
  2138 | Sewer    | 2138 ||| READING scroll labelled GOQOYT QAWNOC.
  2138 | Sewer    | Identified a scroll of acquirement
  2138 | Sewer    | 2138 ||| ACQUIRING +1 pair of boots of Geapsi {-Cast rF+
                  | rCorr Str+5}
  2138 | Sewer    | Acquired the +1 pair of boots of Geapsi {-Cast rF+ rCorr
                  | Str+5}
  2140 | Sewer    | 2140 ||| UPGRADING to +1 pair of boots of Geapsi {-Cast rF+
                  | rCorr Str+5}.
  2150 | Sewer    | 2150 ||| DROPPING +0 pair of boots.
  2151 | Sewer    | 2151 ||| READING scroll labelled NISKUPL CEUFOICWA.
  2152 | Sewer    | 2152 ||| READING scroll labelled IME BIDOUME.
  2153 | Sewer    | 2153 ||| READING scroll labelled WAAT IF YGRULU.
  2157 | Sewer    | 2157 ||| DRINKING 2 gluggy clear potions.
  2157 | Sewer    | Gained mutation: You are frail. (-10% HP) [potion of
                  | mutation]
  2157 | Sewer    | Gained mutation: Your large and strong wings let you fly.
                  | [potion of mutation]
  2157 | Sewer    | Gained mutation: Your flesh is cold resistant. (rC+)
                  | [potion of mutation]
  2158 | Sewer    | 2158 ||| DRINKING potion of mutation.
  2158 | Sewer    | Lost mutation: You are frail. (-10% HP) [potion of
                  | mutation]
  2158 | Sewer    | Lost mutation: Your large and strong wings let you fly.
                  | [potion of mutation]
  2158 | Sewer    | Gained mutation: You occasionally lose the ability to read
                  | scrolls when taking damage. [potion of mutation]
  2158 | Sewer    | Lost mutation: You occasionally lose the ability to read
                  | scrolls when taking damage. [potion of mutation]
  2177 | D:3      | 2177 ||| PLANNING D:1-11
  2626 | D:4      | Noticed an ice beast
  2642 | D:4      | Killed an ice beast
  2643 | D:4      | Reached skill level 7 in Ranged Weapons
  2643 | D:4      | Reached XP level 7. HP: 44/44 MP: 7/7
  2687 | D:4      | Noticed Natasha
  2698 | D:4      | Killed Natasha
  2712 | D:4      | 2712 ||| FLEEEEING.
  2718 | D:4      | Noticed Natasha
  2723 | D:4      | Killed Natasha
  2891 | D:4      | 2891 ||| READING scroll labelled OZECUK ZEORYULAH.
  2892 | D:4      | 2892 ||| READING scroll labelled BURYAD DAFUDGH.
  2932 | D:5      | Entered Level 5 of the Dungeon
  2953 | D:5      | Found a burning altar of Makhleb.
  2973 | D:5      | HP: 7/44 [gnoll bouda/+0 club (6)]
  2980 | D:5      | Reached skill level 8 in Ranged Weapons
  2981 | D:5      | HP: 6/44 [gnoll/+0 whip[a gnoll bouda] (1)]
  2984 | D:5      | HP: 2/44 [gnoll/+0 flail[a gnoll bouda] (1)]
  2984 | D:5      | Slain by a gnoll

Levels and vault maps discovered:
D:1:      wander_arrival_peaceful_grave, layout_basic
D:2:      layout_loops_ring
D:3:      layout_loops_ring, gup_sewer_entry_pipe
D:4:      layout_rooms, st_stairs_1, uniq_natasha
D:5:      layout_rooms, palyth_temple_overflow_mages,
          mainiacjoe_overflow_alcove_1, uniq_pikel

Skill      XL: |  1  2  3  4  5  6  7 |
---------------+----------------------+-----
Ranged Weapons | 5 6 7 8 |  8.0
Fighting       | 3 4 |  4.6
Armour         | 1 2 |  2.1
Dodging        | |  1.5
Stealth        | |  1.1

Action                     |  1- 3 |  4- 6 |  7- 9 || total
---------------------------+-------+-------+-------++-------
   Fire: Shortbow          |    96 |   220 |    76 ||   392
    Use: Scroll            |     2 |     6 |     2 ||    10
         Potion            |       |     7 |       ||     7
 Armour: Leather armour    |    21 |       |       ||    21
         Ring mail         |       |    33 |    51 ||    84
  Dodge: Dodged            |    35 |    52 |    49 ||   136

Table legend:
 A = Non-vault XP
 B = Vault XP
 C = Vault XP percentage of total XP
 D = Non-vault monster count
 E = Vault monster count
 F = Vault count percentage of total count
                 A         B        C        D         E       F
            +---------+---------+-------+---------+---------+-------
      Total |     659 |     361 |  35.4 |      74 |      26 |  26.0
            +---------+---------+-------+---------+---------+-------
        D:1 |      34 |       0 |   0.0 |      18 |       0 |   0.0
        D:2 |      98 |       0 |   0.0 |      15 |       0 |   0.0
        D:3 |     155 |      14 |   8.3 |      23 |       7 |  23.3
        D:4 |     270 |     157 |  36.8 |      12 |       4 |  25.0
        D:5 |     102 |       0 |   0.0 |       6 |       0 |   0.0
      Sewer |       0 |     190 | 100.0 |       0 |      15 | 100.0
            +---------+---------+-------+---------+---------+-------
